 Dungeon Crawl Stone Soup version 0.24-a0-358-g53aee78 (webtiles) character file.

Game seed: 2581684213891941623

5570 MatthieuS the Destroyer (level 10, -5/91 HPs)
             Began as a Red Draconian Conjurer on May 25, 2019.
             Was a Believer of Vehumet.
             Slain by a polar bear (23 damage)
             ... on level 9 of the Dungeon.
             The game lasted 00:21:28 (10447 turns).

MatthieuS the Destroyer (Red Draconian Conjurer)   Turns: 10447, Time: 00:21:29

Health: -5/91      AC:  8    Str: 10    XL:     10   Next: 44%
Magic:  22/22      EV: 13    Int: 19    God:    Vehumet [**....]
Gold:   489        SH:  0    Dex: 16    Spells: 19/25 levels left

rFire    + + .     SeeInvis .   C - +2 demon whip of Yhapp {elec, rElec rN+ Dex+4}
rCold    . . .     Gourm    .   (no shield)
rNeg     + . .     Faith    +   (armour unavailable)
rPois    .         Spirit   .   (helmet restricted)
rElec    +         Reflect  .   (no cloak)
rCorr    .         Harm     .   r - +0 pair of gloves
MR       .....                  (no boots)
Stlth    ++........             B - amulet of faith {!P}
HPRegen  0.25/turn              i - ring of protection from fire
MPRegen  0.18/turn              (no ring)

@: no status effects
A: breathe fire, unfitting armour, fire resistance 1, cold-blooded, AC +7
a: Breathe Fire, Renounce Religion


You were on level 9 of the Dungeon.
You worshipped Vehumet.
Vehumet was pleased with you.
You were not hungry.

You visited 2 branches of the dungeon, and saw 11 of its levels.

You collected 489 gold pieces.

Inventory:

Hand Weapons
 p - a +3 dagger of electrocution
   (You took it off a kobold on level 2 of the Dungeon)
 C - the +2 demon whip of Yhapp (weapon) {elec, rElec rN+ Dex+4}
   (You found it on level 9 of the Dungeon)

   Occasionally, upon striking a foe, it will discharge some electrical energy
   and cause terrible harm.
   It affects your dexterity (+4).
   It insulates you from electricity.
   It protects you from negative energy.
Missiles
 g - 58 poisoned darts (quivered)
 y - 5 curare-tipped darts {!f}
Armour
 r - a +0 pair of gloves (worn)
   (You found it on level 6 of the Dungeon)
Jewellery
 i - a ring of protection from fire (left hand)
   (You found it on level 1 of the Dungeon)
 B - an amulet of faith (around neck) {!P}
   (You found it on level 9 of the Dungeon)
Wands
 d - a wand of iceblast (7)
   (You found it on level 6 of the Dungeon)
 x - a wand of enslavement (10)
   (You found it on level 7 of the Dungeon)
Scrolls
 h - 2 scrolls of remove curse {@r2}
 j - 3 scrolls of amnesia
 l - 3 scrolls of fog
 o - 9 scrolls of teleportation {@r4}
 v - 3 scrolls of magic mapping
 z - 2 scrolls of fear
 A - a scroll of immolation {!r}
Potions
 a - 3 potions of curing {@q1}
 b - 6 potions of agility
 k - 2 potions of magic {unknown}
 m - a potion of berserk rage {unknown}
 n - 3 potions of degeneration {unknown}
 q - a potion of might {unknown}
 s - 4 potions of heal wounds {@q2}
 t - 2 potions of flight
 w - a potion of invisibility {unknown}
Comestibles
 e - 19 rations


   Skills:
 + Level 9.2 Fighting
 - Level 5.0 Short Blades
 + Level 0.1 Maces & Flails
 + Level 2.7 Dodging
 - Level 1.7 Stealth
 + Level 8.0 Spellcasting
 + Level 9.4 Conjurations


You had 19 spell levels left.
You knew the following spells:

 Your Spells              Type           Power        Failure   Level  Hunger
a - Magic Dart            Conj           ####         1%          1    None
b - Searing Ray           Conj           #####.       1%          2    None
c - Dazzling Spray        Conj/Hex       ####..       4%          3    None

Your spell library contained the following spells:

 Spells                   Type           Power        Failure   Level  Hunger
 Freeze                   Ice            #...         9%          1    None
 Sting                    Conj/Pois      ####         1%          1    None
 Iskenderun's Mystic Bla  Conj           #####...     1%          4    ###....
 Mephitic Cloud           Conj/Pois/Air  ###.....     8%          3    None
 Force Lance              Conj/Tloc      ####....     13%         4    ###....
 Fulminant Prism          Conj/Hex       ####......   13%         4    ###....
 Poisonous Vapours        Pois/Air       #.....       14%         2    None
 Venom Bolt               Conj/Pois      ####......   36%         5    #####..
 Olgreb's Toxic Radiance  Pois           #.......     65%         4    ###....


Dungeon Overview and Level Annotations

Branches:
Dungeon (10/15)            Temple (1/1) D:4
   Lair: D:8-11         Orc: D:9-12

Altars:
Ashenzari
Cheibriados
Dithmenos
Elyvilon
Fedhas
Gozag
Hepliaklqana
Kikubaaqudgha
Makhleb
Nemelex Xobeh
Okawaru
Qazlal
Ru
Sif Muna
Trog
Uskayaw
Vehumet
Wu Jian
Yredelemnul
Zin
The Shining One

Shops:
D:4 (

Annotations:
D:6 3 runed translucent doors, yaymichael's ghost, novice TrAr


Innate Abilities, Weirdness & Mutations

You can breathe blasts of fire.
Your fiery red scales are hard. (AC +7)
You cannot fit into any form of body armour.
Your flesh is heat resistant. (rF+)
You are cold-blooded and may be slowed by cold attacks.


Message History

The polar bear bites you!
The polar bear claws you but does no damage. x2
The polar bear bites you. The polar bear misses you.
The polar bear barely misses you.
There is a stone staircase leading up, spattered with blood here.
The orc misses you.
The polar bear bites you but does no damage.
The polar bear claws you. The polar bear barely misses you.
You climb upwards.
There is a stone staircase leading down here.
You hit the polar bear.
You tail-slap the polar bear, but do no damage.
The polar bear barely misses you.
The polar bear claws you but does no damage.
The polar bear claws you.
You hit the polar bear.
Lightning courses through the polar bear!!
You tail-slap the polar bear.
The polar bear bites you but does no damage.
The polar bear claws you but does no damage.
The polar bear closely misses you.
You hit the polar bear but do no damage.
You tail-slap the polar bear. The polar bear bites you!
The polar bear closely misses you.
The polar bear claws you but does no damage.
You hit the polar bear.
The polar bear goes berserk!
You hit the polar bear.
The polar bear bites you but does no damage.
The polar bear claws you but does no damage.
The polar bear claws you. The polar bear bites you!
The polar bear claws you. x2
You whack the polar bear! The polar bear bites you.
The polar bear barely misses you. x2
You barely miss the polar bear.
Your tail-slap misses the polar bear.
The polar bear bites you.
* * * LOW HITPOINT WARNING * * *
The polar bear claws you.
* * * LOW HITPOINT WARNING * * *
The polar bear claws you but does no damage.
The polar bear barely misses you. The polar bear claws you.
* * * LOW HITPOINT WARNING * * *
The polar bear claws you but does no damage.
Unknown command.
You hit the polar bear but do no damage.
The polar bear bites you!!
* * * LOW HITPOINT WARNING * * *
The polar bear claws you.
* * * LOW HITPOINT WARNING * * *
The polar bear claws you but does no damage.
The polar bear bites you!!
You die...

###############
#@h...........#
#)[...........#
#..#########..#
#..#.......#..#
#..#.......#..#
#..#...")..#..#
#..(...?......#
#..#(...[..#..#
#..#.......#..#


You could see a polar bear (berserk).

Vanquished Creatures
  A hydra (D:8)
  A manticore (D:9)
  A cyclops (D:9)
  2 dream sheep (D:8)
  2 hippogriffs
  A wyvern (D:9)
  2 yaks (D:8)
  Menkaure (D:6)
  Edmund (D:6)
  An orc warrior (D:7)
  2 sky beasts (D:7)
  Duvessa (D:7)
  A phantom (D:9)
  4 ogres
  2 centaurs
  3 big kobolds (D:8)
  3 bullfrogs
  Dowan (D:7)
  4 scorpions
  A water moccasin skeleton (D:8)
  3 howler monkeys
  4 crimson imps
  2 bullfrog zombies (D:5)
  A jelly (D:8)
  An orc priest (D:5)
  2 centaur skeletons
  3 iguanas
  7 worker ants
  4 orc wizards
  A hound skeleton (D:8)
  Robin (D:2)
  7 gnolls
  10 adders
  A shadow imp (D:9)
  3 oozes
  An adder zombie (D:8)
  2 adder skeletons
  4 worms
  A dart slug (D:2)
  A leopard gecko (D:1)
  19 orcs
  3 ball pythons
  13 bats
  7 giant cockroaches
  12 goblins
  7 hobgoblins
  10 jackals
  9 kobolds
  3 quokkas
  A ball python zombie (D:5)
  5 frilled lizards
  A giant cockroach zombie (D:6)
  A leopard gecko skeleton (D:5)
  A quokka skeleton (D:8)
  8 rats
194 creatures vanquished.

Vanquished Creatures (others)
  9 fungi (D:9)
  A plant (D:9)
10 creatures vanquished.

Grand Total: 204 creatures vanquished

Notes
Turn   | Place    | Note
-------+----------+-------------------------------------------
     0 | D:1      | MatthieuS the Draconian Conjurer began the quest for the
                  | Orb.
     0 | D:1      | Reached XP level 1. HP: 14/14 MP: 3/3
   215 | D:1      | Reached XP level 2. HP: 16/22 MP: 0/5
   304 | D:1      | Learned a level 2 spell: Searing Ray
   327 | D:1      | Reached skill level 1 in Fighting
  1486 | D:2      | Reached XP level 3. HP: 13/28 MP: 1/6
  1542 | D:2      | Noticed Robin
  1969 | D:2      | Found a burning altar of Makhleb.
  1969 | D:2      | Noticed a blizzard demon
  1973 | D:2      | Noticed a ynoxinul
  1973 | D:2      | Noticed a ynoxinul
  2274 | D:2      | Reached XP level 4. HP: 36/36 MP: 1/8
  2538 | D:2      | Killed Robin
  2538 | D:2      | Reached XP level 5. HP: 14/42 MP: 4/9
  2752 | D:2      | Found a blossoming altar of Fedhas.
  3151 | D:3      | Reached skill level 1 in Short Blades
  3423 | D:3      | Reached skill level 5 in Conjurations
  3479 | D:3      | Found a sparkling altar of Nemelex Xobeh.
  3576 | D:3      | Learned a level 3 spell: Dazzling Spray
  3788 | D:3      | Found a shattered altar of Ashenzari.
  3795 | D:3      | Found an iron altar of Okawaru.
  3796 | D:3      | Found a basalt altar of Yredelemnul.
  3798 | D:3      | Found a glowing silver altar of Zin.
  3884 | D:4      | Found a staircase to the Ecumenical Temple.
  3894 | Temple   | Entered the Ecumenical Temple
  4068 | Temple   | Became a worshipper of Vehumet
  4224 | D:4      | Reached XP level 6. HP: 43/51 MP: 11/11
  5030 | D:4      | Your scales start taking on a fiery red colour.
  5030 | D:4      | Reached XP level 7. HP: 45/59 MP: 11/13
  5030 | D:4      | Gained mutation: Your flesh is heat resistant. (rF+) [Red
                  | Draconian growth]
  5298 | D:4      | Found Kadifacs's Weapon Shop.
  5338 | D:5      | Entered Level 5 of the Dungeon
  6236 | D:5      | Found a deep blue altar of Sif Muna.
  6397 | D:6      | Noticed Edmund
  6407 | D:6      | Killed Edmund
  6407 | D:6      | Reached skill level 5 in Fighting
  6485 | D:6      | Noticed Menkaure
  6487 | D:6      | Killed Menkaure
  6487 | D:6      | Reached XP level 8. HP: 68/68 MP: 15/15
  6651 | D:6      | Found a runed translucent gate.
  6652 | D:6      | Found a runed translucent gate.
  6653 | D:6      | Found a runed translucent gate.
  6656 | D:6      | Noticed yaymichael's ghost (novice TrAr)
  7016 | D:6      | Reached skill level 5 in Spellcasting
  7192 | D:7      | Noticed a hippogriff
  7196 | D:7      | Killed a hippogriff
  7318 | D:7      | Noticed Duvessa
  7319 | D:7      | Noticed Dowan
  7332 | D:7      | Killed Duvessa
  7340 | D:7      | Killed Dowan
  7655 | D:7      | Reached skill level 5 in Short Blades
  7680 | D:7      | Reached * piety under Vehumet
  7680 | D:7      | Offered knowledge of Shock by Vehumet.
  7720 | D:7      | Reached XP level 9. HP: 75/78 MP: 10/17
  9034 | D:8      | Offered knowledge of Freeze by Vehumet.
  9040 | D:8      | Reached ** piety under Vehumet
  9370 | D:8      | Noticed a two-headed hydra
  9375 | D:8      | Killed a two-headed hydra
  9375 | D:8      | Reached XP level 10. HP: 88/90 MP: 19/21
  9574 | D:9      | Noticed a manticore
  9598 | D:9      | Killed a manticore
  9979 | D:9      | Got a slimy demon whip
  9980 | D:9      | Identified the cursed +2 demon whip of Yhapp {elec, rElec
                  | rN+ Dex+4} (You found it on level 9 of the Dungeon)
  9997 | D:9      | Noticed a cyclops
 10013 | D:9      | Killed a cyclops
 10036 | D:10     | Entered Level 10 of the Dungeon
 10447 | D:9      | Slain by a polar bear

Levels and vault maps discovered:
D:1:      saegor_arrival_simple_c, layout_basic
D:2:      layout_loops_ring, fedhas_ov_isle_minmay, makhleb_altar_promises_db,
          uniq_robin
D:3:      layout_loops_ring, minitemple, nemelex_diamond_rough_becter
D:4:      cheibrodos_barr_body, layout_loops_ring, minmay_temple_entry_wispy,
          serial_shops, shop, serial_rivers, chequers_serial_rivers_room_a,
          chequers_serial_rivers_marsh, chequers_serial_rivers_room_b,
          chequers_serial_rivers_micro_d, chequers_serial_rivers_micro_c,
          chequers_serial_rivers_small_b
D:5:      layout_cave_pods, lemuel_round_altar, first_ration
D:6:      layout_loops_ring, gammafunk_ghost_split, serial_glass,
          glass_columns_b, glass_columns_b, uniq_menkaure, uniq_edmund
D:7:      layout_basic, uniq_duvessa
D:8:      old_forge, layout_loops_cross, nicolae_overflow_hidden_temple,
          hangedman_ranch [blue_anna_fruit_fields]
D:9:      cheibrodos_elevator_heist, layout_rooms,
          grunt_lair_entry_orc_guard_hut, solitary_fountain
D:10:     layout_big_octagon, hiddenorc2_lemuel, serial_ice, serial_ice_j,
          serial_ice_e, serial_ice_o, serial_ice_c, serial_ice_n, serial_ice_g,
          hangedman_abyss_or_decor_lesser_grid
Temple:   eino_narrow_crystal_temple

Skill      XL: |  1  2  3  4  5  6  7  8  9 10 |
---------------+-------------------------------+-----
Fighting       | 1 2 3 4 5 6 8 9 |  9.2
Spellcasting   | 3 4 5 7 8 |  8.0
Short Blades   | 1 2 3 5 |  5.0
Conjurations   | 5 6 7 9 |  9.4
Dodging        | 2 |  2.7
Maces & Flails | |  0.1
Stealth        | |  1.7

Action                   |  1- 3 |  4- 6 |  7- 9 | 10-12 || total
-------------------------+-------+-------+-------+-------++-------
Melee: Unarmed           |    36 |       |       |       ||    36
       Tailslap          |     5 |     8 |    23 |     6 ||    42
       Dagger            |     6 |   156 |   243 |     7 ||   412
       Demon whip        |       |       |       |    24 ||    24
Throw: Dart              |       |     5 |     5 |       ||    10
 Cast: Magic Dart        |    77 |    28 |    55 |    34 ||   194
       Searing Ray       |     1 |     2 |     2 |       ||     5
       Dazzling Spray    |       |     1 |    13 |     4 ||    18
 Abil: Breathe Fire      |       |       |    11 |     4 ||    15
Evoke: Wand              |       |       |       |     1 ||     1
  Use: Scroll            |       |     8 |       |     8 ||    16
       Potion            |       |       |     2 |     2 ||     4
 Stab: Sleeping          |       |     3 |     7 |     1 ||    11
       Invisible         |       |       |     5 |       ||     5
  Eat: Chunk             |     1 |     9 |     9 |       ||    19
       Ration            |     1 |       |     2 |     2 ||     5
Armor: Skin              |    20 |    34 |    54 |    23 ||   131
Dodge: Dodged            |    49 |   100 |   162 |    44 ||   355

Table legend:
 A = Non-vault XP
 B = Vault XP
 C = Vault XP percentage of total XP
 D = Non-vault monster count
 E = Vault monster count
 F = Vault count percentage of total count
                 A         B        C        D         E       F
            +---------+---------+-------+---------+---------+-------
      Total |    3395 |    4563 |  57.3 |     146 |      48 |  24.7
            +---------+---------+-------+---------+---------+-------
        D:1 |      37 |       2 |   5.1 |      18 |       1 |   5.3
        D:2 |     127 |      36 |  22.1 |      34 |      12 |  26.1
        D:3 |      85 |       0 |   0.0 |      20 |       0 |   0.0
        D:4 |     246 |     223 |  47.5 |       5 |       6 |  54.5
        D:5 |     472 |       0 |   0.0 |      17 |       0 |   0.0
        D:6 |     141 |     329 |  70.0 |       7 |       2 |  22.2
        D:7 |    1323 |     211 |  13.8 |      22 |       2 |   8.3
        D:8 |     918 |    2303 |  71.5 |      20 |      19 |  48.7
        D:9 |       6 |    1459 |  99.6 |       2 |       6 |  75.0
       D:10 |      40 |       0 |   0.0 |       1 |       0 |   0.0
            +---------+---------+-------+---------+---------+-------
